 Dungeon Crawl Stone Soup version 0.17.1-1-g73c8601 (webtiles) character file.

19 Hedrock the Chopper (level 2, -4/24 HPs)
             Began as a Human Berserker on Jan 8, 2016.
             Was a Follower of Trog.
             Slain by a gnoll
             ... wielding a +0 spear
              (7 damage)
             ... on level 1 of the Dungeon.
             The game lasted 00:14:26 (839 turns).

Hedrock the Chopper (Human Berserker)                Turns: 839, Time: 00:14:26

Health: -4/24      AC:  2    Str: 17    XL:     2   Next: 95%
Magic:  2/2        EV: 12    Int:  7    God:    Trog [*.....]
Gold:   58         SH:  0    Dex: 12    Spells: 0 memorised, 1 level left

rFire  . . .     SeeInvis .     a - +0 hand axe
rCold  . . .     Clarity  .     b - +0 animal skin
rNeg   . . .     SustAt   .     (no shield)
rPois  .         Gourm    .     (no helmet)
rElec  .         Spirit   .     (no cloak)
rCorr  .         Warding  .     (no gloves)
rMut   .         Stasis   .     (no boots)
MR     .....                    (no amulet)
Stlth  +.........               (no ring)
                                (no ring)

@: not resistant to hostile enchantments, very unstealthy
A: no striking features
a: Berserk, Burn Spellbooks, Renounce Religion


You were on level 1 of the Dungeon.
You worshipped Trog.
Trog was aware of your devotion.
You were not hungry.

You visited 1 branch of the dungeon, and saw 1 of its levels.

You collected 58 gold pieces.

Inventory:

Hand Weapons
 a - a +0 hand axe (weapon)
 e - a +0 club
 h - a +0 hunting sling
 j - a +0 mace
 l - a +0 dagger
 n - a +0 dagger
 o - a +0 dagger
 p - a +0 dagger
 r - a cursed +0 spear
 s - a +0 whip
Missiles
 g - 68 stones (quivered)
 u - 19 arrows
 w - 16 poisoned needles
Armour
 b - a +0 animal skin (worn)
 f - a +0 robe
 v - a +0 robe
 z - a +0 leather armour
Jewellery
 q - an uncursed amulet of faith {unknown}
Scrolls
 t - a scroll of identify {unknown}
 y - a scroll of teleportation {unknown}
Potions
 i - a potion of magic {unknown}
 k - a potion of flight {unknown}
 m - a potion of brilliance {unknown}
 x - a potion of degeneration {unknown}
Comestibles
 c - a bread ration
 d - 2 beef jerkies


   Skills:
 + Level 3.2 Fighting
 + Level 3.5 Axes
 + Level 2.1 Armour
 + Level 2.0 Dodging


You had one spell level left.
You didn't know any spells.

Dungeon Overview and Level Annotations

Branches:
Dungeon (1/15)

Altars:


Message History

Aim: a gnoll, wielding a spear (heavily wounded)
You throw a stone. The stone closely misses the gnoll.
The gnoll barely misses you.
Throwing (i - inventory):
g - 71 stones (quivered)
Press: ? - help, Shift-Dir - straight line, f/p - gnoll
Aim: a gnoll, wielding a spear (heavily wounded)
You throw a stone. The stone hits the gnoll.
The gnoll is severely wounded.
The gnoll closely misses you.
Throwing (i - inventory):
g - 70 stones (quivered)
Press: ? - help, Shift-Dir - straight line, f/p - gnoll
Aim: a gnoll, wielding a spear (severely wounded)
You throw a stone. The stone barely misses the gnoll.
The gnoll misses you.
Throwing (i - inventory):
g - 69 stones (quivered)
Press: ? - help, Shift-Dir - straight line, f/p - gnoll
Aim: a gnoll, wielding a spear (severely wounded)
You throw a stone. The stone hits the gnoll.
The gnoll is almost dead.
The gnoll hits you with a spear!
You die...

#......#.............#.##.#...#..
#†#.##.######...###.......#...#..
†.#.##.# #...# #..............
....##.# #...# #.##.#.####.###
..####.# ##.#.###.##........#
#.####.# ##.###.##.####.########
#..†...####.## ##................
###......###.###.#.#############.
# #.####.# #..#.@g.....(# #.
#.####.# #............# #.
#.#....# #....##.##...## #.
#.#.#..####......#.....# #.
#........##...####.....# #.
#.....>#.##...####.....# #.
##..#..................# ##
#.#####.###.#########.#
#.#####........# ###.####


You could see a gnoll.

Vanquished Creatures
  A giant cockroach (D:1)
  3 goblins (D:1)
  3 hobgoblins (D:1)
  2 jackals (D:1)
  4 kobolds (D:1)
  A bat (D:1)
  3 rats (D:1)
17 creatures vanquished.

Notes
Turn   | Place    | Note
--------------------------------------------------------------
     0 | D:1      | Hedrock the Human Berserker began the quest for the Orb.
     0 | D:1      | Reached XP level 1. HP: 18/18 MP: 1/1
   170 | D:1      | Reached XP level 2. HP: 20/24 MP: 2/2
   839 | D:1      | Slain by a gnoll

Action                   || total
-------------------------++-------
Melee: Hand axe          ||    48
Throw: Stone             ||    36
